 Dungeon Sprint DCSS version 0.27.1 (webtiles) character file.

Game seed: 2254480094609505560

2212 styxcanada the Unseen (level 9, -4/48 HPs)
             Began as a Spriggan Brigand on Aug 28, 2021.
             Was an Initiate of Gozag.
             Splashed by an oklob plant's acid (16 damage)
             ... in the Dungeon (Sprint IV: "Fedhas' Mad Dash").
             The game lasted 00:06:24 (773 turns).

styxcanada the Unseen (Spriggan Brigand)             Turns: 773, Time: 00:06:24

Health: -4/48      AC:  3    Str:  7    XL:     9   Next: 13%
Magic:  9/10       EV: 23    Int: 12    God:    Gozag
Gold:   937        SH:  7    Dex: 20    Spells: 8/8 levels left

rFire    . . .     SeeInvis +   o - +2 short sword (vamp)
rCold    . . .     Faith    .   n - +0 buckler
rNeg     . . .     Spirit   .   b - +0 robe
rPois    .         Reflect  .   (helmet restricted)
rElec    .         Harm     .   c - +0 cloak
rCorr    .         Rampage  .   (gloves unavailable)
Will     +....     NoTele   +   (boots unavailable)
Stlth    ++++++++..             m - amulet of invisibility {+Inv}
HPRegen  0.16/turn              (no ring)
MPRegen  0.12/turn              (no ring)

@: gold aura, very slightly contaminated, very quick
A: very small, no large weapons, unfitting armour, see invisible, speed 3
a: Renounce Religion, Evoke Invisibility, Potion Petition, Call Merchant, Bribe
Branch


You were in the Dungeon.
You worshipped Gozag.
Gozag was pleased with you.
You visited 1 branch You collected 1295 gold pieces.
You spent 358 gold pieces at shops.

Inventory:

Hand Weapons
 a - a +2 dagger of draining
 o - a +2 vampiric short sword (weapon)
Missiles
 d - 8 poisoned darts (quivered)
 e - 2 curare-tipped darts
Armour
 b - a +0 robe (worn)
 c - a +0 cloak (worn)
 n - a +0 buckler (worn)
Jewellery
 m - the amulet of invisibility (around neck) {+Inv}
   (You found it in the Dungeon)

   [amulet of nothing]

   +Inv:      It lets you turn invisible.
Wands
 r - a wand of polymorph (8)
Scrolls
 j - a scroll of enchant armour
 k - a scroll of blinking
Potions
 f - a potion of curing
 g - a potion of degeneration {unknown}
 h - a potion of haste
 i - 2 potions of magic
 p - a potion of resistance
 t - 2 potions of might


   Skills:
 * Level 5.7 Fighting
 + Level 6.1 Short Blades
 + Level 4.1 Throwing
 * Level 2.4 Armour
 * Level 8.7 Dodging
 * Level 20.9 Stealth
 * Level 3.7 Shields
 * Level 9.1 Evocations


You had 8 spell levels left.
You didn't know any spells.
Your spell library contained the following spells:

 Spells                   Type           Power      Damage    Failure   Level
 Dazzling Flash           Conj/Hex       0%         N/A       77%         3
 Agony                    Necr           0%         N/A       100%        5
 Silence                  Hex/Air        0%         N/A       100%        5


Dungeon Overview and Level Annotations

Branches:
Dungeon (1/1)

Altars:
Cheibriados
Dithmenos
Elyvilon
Gozag
Hepliaklqana
Kikubaaqudgha
Makhleb
Nemelex Xobeh
Okawaru
Qazlal
Ru
Sif Muna
Trog
Uskayaw
Vehumet
Wu Jian
Xom
Yredelemnul
Zin
The Shining One
Beogh
Jiyva
Lugonu

Shops:
D *[=?

Annotations:
D exclusions: oklob plant and oklob sapling


Innate Abilities, Weirdness & Mutations

You are very small and have problems with some larger weapons.
You are too small for most types of armour.
You have supernaturally acute eyesight. (SInv)
You cover ground extremely quickly. (Speed+++)


Message History

You destroy the burning bush!
You have reached level 9!
Your experience leads to an increase in your attributes!
Increase (S)trength, (I)ntelligence, or (D)exterity?
You feel agile.
You now have enough gold to fund merchants seeking to open stores in the dungeon.
You now have 892 gold pieces (gained 180).
You now have 905 gold pieces (gained 13).
You now have 917 gold pieces (gained 12).
You now have 924 gold pieces (gained 7).
You now have 937 gold pieces (gained 13).
You open the door.
An oklob sapling, an oklob plant and a burning bush come into view.
You flicker for a moment.
Marking area around an oklob sapling and an oklob plant as unsafe for travelling.
A wandering mushroom comes into view.
Found a phial of floods.
There is an open door here.
The helpless burning bush fails to defend itself.
You stick the burning bush like a pincushion!!!!
You destroy the burning bush!
Your Short Blades skill increases to level 6!
Your Evocations skill increases to level 9!
You hit the oklob plant but do no damage.
You hit the oklob plant but do no damage.
You flicker back into view.
You hit the oklob plant but do no damage.
The oklob plant spits acid at you. The splash of acid hits you!
You are splashed with acid!
The oklob plant is distracted by your dazzling golden aura.
You strike the helpless oklob plant from behind!
You stick the oklob plant like a pincushion!!!
The oklob plant is no longer distracted by gold.
The oklob plant is almost destroyed.
The oklob plant spits acid at you. The splash of acid hits you!
* * * LOW HITPOINT WARNING * * *
You are splashed with acid!
You die...
Your body crumbles into a pile of gold.

#PP..'.....'.#.).'.._._._._._..
#PPPP#.....#.#...#..._._._._...
###############'##.._._._._._..
#...♣........'...#._._._._._.⌠.
#......♣.....#...##############
#.....♣..♣..######
##'####'######P}+
#..#....'......f#
#.(#.)###$...P@.# $$ $ #######
#########


You could see an oklob plant, a wandering mushroom (wandering) and an oklob
sapling.

Vanquished Creatures
  An oklob plant (D)
  2 wandering mushrooms (D)
  3 burning bushes (D)
  A queen bee (D)
  3 scorpions (D)
  4 killer bees (D)
  4 oklob saplings (D)
  2 spriggans (D)
  A river rat (D)
  A rat (D)
22 creatures vanquished.

Notes
Turn   | Place    | Note
-------+----------+-------------------------------------------
     0 | D        | styxcanada the Spriggan Brigand began the quest for the
                  | Orb.
     0 | D        | Reached XP level 1. HP: 10/10 MP: 2/2
     9 | D        | Reached skill level 7 in Stealth
     9 | D        | Reached XP level 2. HP: 15/15 MP: 3/3
    10 | D        | Reached skill level 8 in Stealth
    17 | D        | Noticed an oklob sapling
    19 | D        | Killed an oklob sapling
    20 | D        | Reached skill level 10 in Stealth
    20 | D        | Reached XP level 3. HP: 18/18 MP: 4/4
    21 | D        | Noticed a scorpion
    21 | D        | Found the amulet of invisibility {+Inv}
    41 | D        | Killed a scorpion
    42 | D        | Reached skill level 12 in Stealth
    42 | D        | Reached XP level 4. HP: 23/23 MP: 5/5
    81 | D        | Found an opulent altar of Gozag.
    81 | D        | Found a hazy altar of Hepliaklqana.
    81 | D        | Found a burning altar of Makhleb.
    81 | D        | Found a sparkling altar of Nemelex Xobeh.
    81 | D        | Found a snail-covered altar of Cheibriados.
    81 | D        | Found a sacrificial altar of Ru.
    81 | D        | Found a shimmering blue altar of Sif Muna.
    81 | D        | Found a shimmering altar of Xom.
    81 | D        | Found a basalt altar of Yredelemnul.
    82 | D        | Found a viscous altar of Jiyva.
    82 | D        | Found a bloodstained altar of Trog.
    82 | D        | Found an ornate altar of the Wu Jian Council.
    83 | D        | Found an iron altar of Okawaru.
    83 | D        | Found a shadowy altar of Dithmenos.
    83 | D        | Found a glowing silver altar of Zin.
    84 | D        | Found an ancient bone altar of Kikubaaqudgha.
    84 | D        | Found a hide-covered altar of Uskayaw.
    85 | D        | Found a stormy altar of Qazlal.
    85 | D        | Found a white marble altar of Elyvilon.
    85 | D        | Found a glowing golden altar of the Shining One.
    86 | D        | Became a worshipper of Gozag Ym Sagoz the Greedy
    87 | D        | Found a corrupted altar of Lugonu.
    87 | D        | Found a radiant altar of Vehumet.
    91 | D        | Reached skill level 13 in Stealth
    91 | D        | Reached skill level 1 in Evocations
    91 | D        | Reached XP level 5. HP: 28/28 MP: 3/6
   103 | D        | Reached skill level 14 in Stealth
   164 | D        | Reached skill level 5 in Dodging
   164 | D        | Reached skill level 15 in Stealth
   166 | D        | Reached XP level 6. HP: 32/32 MP: 4/7
   196 | D        | Found Rummakew's Antique Armour Shop.
   196 | D        | Found Kikk's Assorted Antiques.
   202 | D        | Bought a bubbling black potion for 27 gold pieces
   202 | D        | Bought a scroll labelled OHIGAO GEFUNG for 30 gold pieces
   202 | D        | Bought a brass wand for 120 gold pieces
   202 | D        | Bought a scroll labelled QEATWI MEDWU for 30 gold pieces
   202 | D        | Bought 2 orange potions for 54 gold pieces
   229 | D        | Noticed a burning bush
   229 | D        | Noticed a wandering mushroom
   229 | D        | Noticed a wandering mushroom
   240 | D        | Killed a wandering mushroom
   241 | D        | Reached skill level 17 in Stealth
   241 | D        | Reached skill level 1 in Shields
   241 | D        | Reached skill level 5 in Evocations
   242 | D        | Reached XP level 7. HP: 31/38 MP: 6/8
   249 | D        | Killed a wandering mushroom
   250 | D        | Reached skill level 18 in Stealth
   372 | D        | Killed a burning bush
   375 | D        | Found Wary's Magic Scroll Emporium.
   375 | D        | Found Ocoack's Jewellery Shoppe.
   382 | D        | Bought a scroll of enchant armour for 97 gold pieces
   642 | D        | Reached skill level 5 in Short Blades
   642 | D        | Reached skill level 19 in Stealth
   642 | D        | Reached XP level 8. HP: 42/42 MP: 6/9
   648 | D        | Noticed a queen bee
   655 | D        | Killed a queen bee
   656 | D        | Reached skill level 5 in Fighting
   657 | D        | Reached skill level 1 in Armour
   672 | D        | Noticed an oklob plant
   674 | D        | Killed an oklob plant
   675 | D        | Reached skill level 20 in Stealth
   746 | D        | Noticed a burning bush
   750 | D        | Killed a burning bush
   751 | D        | Reached XP level 9. HP: 47/47 MP: 7/10
   761 | D        | Noticed a burning bush
   761 | D        | Noticed an oklob plant
   762 | D        | Noticed a wandering mushroom
   763 | D        | Killed a burning bush
   773 | D        | Splashed by an oklob plant's acid

Illustrated notes

Levels and vault maps discovered:
D:        dungeon_sprint_fedhas [sprint_temple]

Skill      XL: |  1  2  3  4  5  6  7  8  9 |
---------------+----------------------------+-----
Dodging        | 2 3 4 5 6 7 8 |  8.7
Stealth        | 7 10 12 13 15 17 19 20 | 20.9
Fighting       | 2 3 4 5 |  5.7
Short Blades   | 3 4 5 6 |  6.1
Evocations     | 1 3 5 6 8 9 |  9.1
Throwing       | 3 4 |  4.1
Shields        | 1 2 3 |  3.7
Armour         | 2 |  2.4

Action                   |  1- 3 |  4- 6 |  7- 9 || total
-------------------------+-------+-------+-------++-------
Melee: Dagger            |     4 |     5 |       ||     9
       Short sword       |       |    11 |    30 ||    41
Throw: Dart              |     5 |       |       ||     5
 Abil: Evoke Invisibilit |       |     3 |     3 ||     6
  Use: Scroll            |       |     3 |     1 ||     4
       Potion            |       |       |     2 ||     2
 Stab: Sleeping          |     2 |     5 |     9 ||    16
       Invisible         |       |     4 |     1 ||     5
       Distracted        |       |       |     1 ||     1
Dodge: Dodged            |     3 |    11 |     3 ||    17
Block: Buckler           |       |     1 |     1 ||     2
